 Dungeon Crawl Stone Soup version 0.17-a0-491-gbd49765 (webtiles) character file.

138 nubinia the Digger (level 5, -2/28 HPs)
             Began as a Gargoyle Earth Elementalist on Apr 10, 2015.
             Killed from afar by an orc wizard (8 damage)
             ... with a puff of frost
             ... on level 2 of the Dungeon.
             The game lasted 00:20:47 (3706 turns).

nubinia the Digger (Gargoyle Earth Elementalist)    Turns: 3706, Time: 00:20:47

Health: -2/28      AC:  9    Str: 11    XL:     5   Next: 21%
Magic:  8/9        EV: 12    Int: 19    God:
Gold:   201        SH:  0    Dex: 10    Spells: 3 memorised, 4 levels left

rFire  . . .     SeeInvis .     b - 85 stones
rCold  . . .     Clarity  +     y - +0 leather armour
rNeg   + . .     SustAb   .     (no shield)
rPois  ∞         Gourm    .     (no helmet)
rElec  +         Spirit   .     (no cloak)
rCorr  .         Warding  .     (no gloves)
rMut   .         Stasis   .     (no boots)
MR     .....                    s - amulet of regeneration
Stlth  ++........               (no ring)
                                (no ring)

@: stone skin, not resistant to hostile enchantments, unstealthy
A: clarity, clever 1, negative energy resistance 1, electricity resistance,
unbreathing, petrification resistance, rot immunity, AC +4
a: no special abilities


You were on level 2 of the Dungeon.
You were not hungry.

You visited 1 branch of the dungeon, and saw 3 of its levels.

You collected 201 gold pieces.

Inventory:

Hand weapons
 a - a +0 club
 v - a +0 blowgun
 C - a +4 dagger
Missiles
 b - 85 stones (in hand)
 w - 6 poisoned needles
Armour
 c - a +0 robe
 y - a +0 leather armour (worn)
Jewellery
 s - an amulet of regeneration (around neck)
 B - an uncursed amulet of the gourmand {unknown}
Scrolls
 h - a scroll of teleportation {unknown}
 i - 4 scrolls of identify
 m - a scroll of blinking {unknown}
 n - a scroll of random uselessness {unknown}
 o - a scroll of magic mapping {unknown}
 p - a scroll of enchant weapon {unknown}
 q - a scroll of fear {unknown}
 r - a scroll of remove curse {unknown}
 z - a scroll of enchant armour {unknown}
Potions
 j - a potion of magic
 x - a potion of degeneration
 A - a potion of restore abilities
Books
 d - a book of Geomancy

   Spells                             Type                      Level
   a - Sandblast                      Earth                        1
   b - Stoneskin                      Transmutation/Earth          2
   c - Passwall                       Transmutation/Earth          3
   d - Stone Arrow                    Conjuration/Earth            3
   e - Petrify                        Transmutation/Earth          4
   f - Lee's Rapid Deconstruction     Earth                        5
 t - a Fen Folio

   Spells                             Type                      Level
   a - Corpse Rot                     Necromancy                   2
   b - Stone Arrow                    Conjuration/Earth            3
   c - Leda's Liquefaction            Hexes/Earth                  4
   d - Summon Forest                  Summoning/Translocation      5
   e - Hydra Form                     Transmutation                6
   f - Summon Hydra                   Summoning                    7
Comestibles
 e - 6 bread rations
 f - 3 meat rations
 g - a slice of pizza
 k - 4 fruits
 l - 2 beef jerkies
 u - 9 chunks of flesh


   Skills:
 + Level 0.2 Fighting
 + Level 0.4 Maces & Flails
 * Level 0.4 Armour
 + Level 2.5 Dodging
 + Level 2.4 Stealth
 + Level 0.2 Unarmed Combat
 + Level 3.1 Spellcasting
 + Level 1.0 Transmutations
 + Level 4.7 Earth Magic


You had 4 spell levels left.
You knew the following spells:

 Your Spells              Type           Power        Failure   Level  Hunger
a - Sandblast             Erth           ###...       2%          1    None
b - Stone Arrow           Conj/Erth      ##....       24%         3    ###....
s - Stoneskin             Trmt/Erth      ##......     12%         2    ##.....


Dungeon Overview and Level Annotations

Branches:
Dungeon (3/15)

Altars:


Innate Abilities, Weirdness & Mutations

You are resistant to torment.
Your stone body is resilient (AC +4).
You are immune to poison.
You resist negative energy.
You are resistant to electric shocks.
You can survive without breathing.
You are immune to petrification.
You are immune to rotting.
You possess an exceptional clarity of mind.
Your mind is acute. (Int +2)


Message History

You blink.
The orc wizard mumbles some strange words.
The orc wizard seems to speed up.
The quokka bites you but does no damage.
The orc shouts!
An orc comes into view. It is wielding a mace.
The orc shouts!
The orc wizard casts a spell at you. The puff of frost misses you.
The orc closely misses you.
There is a stone staircase leading up here.
Unknown command.
The quokka bites you.
* * * LOW HITPOINT WARNING * * *
The orc wizard barely misses you. The orc hits you but does no damage.
You climb upwards.
There is a stone staircase leading down here.
Unknown command.
The orc wizard gestures at you while chanting.
The puff of frost hits you!
You die...

# # # ############# #########
#..^........#
........#######....)......#
#######.#......oro..####..#
#######.#.##.###>##.# #..##
.....##.#.##.# #@##.# #...#
####.##.#.##.# #.##.# #.#.##
#.##.#.##.###.##.####....#####
#..........##.##..............
#........#.##>#######....####.
#.............# #.#.## #.
#..#.#.###.##.# #.#.# #.
####..#.#.....##.# #.#.# #.
..<........##.##.#######.#.#
#.


You could see an orc wizard, an orc and a quokka.

Vanquished Creatures
  An adder (D:2)
  3 gnolls (D:3)
  A worm (D:2)
  An ooze (D:3)
  9 orcs (D:3)
  10 bats
  5 giant cockroaches
  9 hobgoblins
  5 ball pythons
  6 giant geckos
  A giant newt (D:1)
  11 goblins
  6 kobolds
  2 quokkas
  8 rats
78 creatures vanquished.

Notes
Turn   | Place    | Note
--------------------------------------------------------------
     0 | D:1      | nubinia, the Gargoyle Earth Elementalist, began the quest for the Orb.
     0 | D:1      | Reached XP level 1. HP: 10/10 MP: 3/3
   316 | D:1      | Reached XP level 2. HP: 15/15 MP: 1/5
   536 | D:1      | Reached skill level 4 in Earth Magic
  1041 | D:1      | Reached XP level 3. HP: 17/19 MP: 4/6
  1412 | D:1      | Learned a level 2 spell: Stoneskin
  1416 | D:1      | Learned a level 3 spell: Stone Arrow
  1800 | D:2      | Gained mutation: You possess an exceptional clarity of mind. [potion of mutation]
  1800 | D:2      | Gained mutation: Your mind is acute. (Int +2) [potion of mutation]
  1989 | D:2      | Reached XP level 4. HP: 21/24 MP: 3/8
  3264 | D:3      | Reached skill level 1 in Transmutations
  3267 | D:3      | Reached XP level 5. HP: 17/28 MP: 1/9
  3677 | D:3      | Noticed a centaur
  3706 | D:2      | Killed from afar by an orc wizard

Action                   |  1- 3 |  4- 6 || total
-------------------------+-------+-------++-------
Melee: Unarmed           |     4 |       ||     4
       Club              |    28 |    83 ||   111
 Cast: Sandblast         |    74 |    55 ||   129
       Stoneskin         |     1 |     2 ||     3
  Use: Scroll            |     2 |     2 ||     4
       Potion            |     1 |       ||     1
 Stab: Sleeping          |     2 |       ||     2
  Eat: Chunk             |     4 |     6 ||    10
